Map: Babylon LE

Players

Geralt (Gerald)

  • Race: Protoss Protoss
  • League: Grandmaster
  • Spawn Location: 5:00

SKillous - Winner!

  • Race: Protoss Protoss
  • League: Grandmaster
  • Spawn Location: 11:00

Event: HomeStory Cup XXIII

VOD

Have the link to the VOD?

Description

Time

  • Played on: June 30, 2023, 2:36 p.m.
  • Length: 10:30

All games in this series

Show
View Real Time Build Order
Export as new Build Order

Geralt Protoss 

Build Orders:  

Get SALT Encoding   

  12  0:00  Probe  
  13  0:12  Probe  
  14  0:17  Pylon  
  14  0:24  Probe (Chrono Boost)  
  16  0:37  Probe (Chrono Boost), Gateway  
  16  0:43  Probe (Chrono Boost)  
  16  0:46  Assimilator  
  17  0:51  Probe  
  17  0:54  Assimilator  
  18  1:03  Probe (Chrono Boost)  
  19  1:09  Gateway  
  19  1:12  Probe (Chrono Boost)  
  20  1:19  Pylon  
  20  1:21  Probe  
  21  1:31  Cybernetics Core  
  21  1:35  Probe  
  21  1:39  Pylon  
  22  1:49  Pylon  
  22  1:50  Probe  
  23  2:02  Probe  
  24  2:15  Probe, Nexus  
  24  2:16  Warp Gate (Chrono Boost)  
  24  2:27  Probe  
  24  2:28  Stalker (Chrono Boost)  
  27  2:35  Shield Battery  
  27  2:39  Probe  
  28  2:46  Shield Battery  
  30  2:54  Probe  
  31  2:59  Pylon  
  29  3:07  Probe, Twilight Council  
  30  3:19  Probe  
  31  3:20  Pylon  
  31  3:21  Shield Battery  
  31  3:28  Probe  
  31  3:29  Stalker  
  34  3:35  Probe  
  33  3:43  Probe  
  32  3:48  Stargate  
  32  3:50  Probe (Chrono Boost)  
  33  3:59  Stalker  
  36  4:05  Probe (Chrono Boost)  
  36  4:06  Probe (Chrono Boost)  
  36  4:08  Blink (Chrono Boost)  
  37  4:12  Probe (Chrono Boost)  
  37  4:15  Probe  
  39  4:21  Probe  
  40  4:27  Probe  
  40  4:30  Oracle (Chrono Boost)  
  41  4:33  Probe  
  45  4:39  Probe, Stalker  
  45  4:43  Stalker  
  50  4:47  Probe  
  50  4:51  Probe  
  55  5:00  Oracle  
  55  5:01  Gateway  
  55  5:02  Probe  
  55  5:03  Stalker  
  55  5:05  Probe  
  59  5:09  Pylon  
  59  5:17  Pylon  
  59  5:20  Probe  
  60  5:26  Stalker  
  60  5:27  Stalker  
  64  5:44  Gateway  
  64  5:47  Probe  
  64  5:48  Assimilator  
  64  5:49  Stalker  
  67  5:57  Stalker x2  
  66  6:08  Probe  
  65  6:16  Stalker  
  61  6:21  Stalker x2  
  58  6:32  Probe  
  49  6:36  Probe  
  48  6:44  Probe  
  49  6:49  Stalker  
  51  6:55  Zealot  
  51  6:57  Zealot, Stalker  
  51  6:58  Shield Battery  
  51  7:00  Shield Battery  
  55  7:03  Nexus  
  53  7:10  Probe  
  53  7:14  Stalker x2  
  52  7:17  Probe  
  51  7:29  Stalker  
  49  7:34  Stalker x2  
  53  7:37  Gateway  
  53  7:39  Pylon  
  53  7:40  Probe x2  
  55  7:52  Stalker  
  55  8:03  Stalker  
  55  8:04  Stalker  
  59  8:11  Probe  
  54  8:19  Stalker  
  56  8:20  Probe  
  56  8:23  Probe  
  54  8:29  Stalker x2  
  56  8:40  Stalker  
  58  8:42  Stalker  
  58  8:43  Probe x2  
  60  8:55  Probe, Stalker x2  
  64  9:05  Probe  
  65  9:13  Stalker  
  65  9:14  Stalker  
  69  9:30  Nexus  
  65  9:44  Pylon  
  64  10:01  Pylon  
  64  10:04  Probe, Pylon  
  59  10:14  Stalker  
  59  10:15  Stalker x2  
  44  10:26  Stalker  
Show
View Real Time Build Order
Export as new Build Order

SKillous Protoss - Winner!

Build Orders: Oracle Opening, Blink Stalkers 

Get SALT Encoding   

  12  0:00  Probe  
  13  0:12  Probe  
  14  0:19  Pylon  
  14  0:24  Probe  
  15  0:37  Probe (Chrono Boost), Gateway  
  16  0:46  Probe (Chrono Boost), Assimilator  
  17  0:51  Probe  
  17  0:56  Assimilator  
  18  1:03  Probe (Chrono Boost)  
  19  1:09  Pylon  
  19  1:12  Probe (Chrono Boost)  
  19  1:18  Probe (Chrono Boost)  
  20  1:24  Cybernetics Core  
  21  1:30  Probe  
  22  1:34  Zealot  
  24  1:42  Probe  
  26  1:54  Probe  
  28  2:04  Stargate  
  26  2:20  Nexus  
  27  2:22  Probe  
  27  2:33  Pylon  
  27  2:35  Probe  
  28  2:37  Warp Gate  
  28  2:47  Oracle (Chrono Boost)  
  32  2:51  Probe  
  32  2:55  Stalker  
  33  3:05  Twilight Council  
  33  3:07  Probe  
  34  3:16  Shield Battery  
  34  3:19  Probe  
  35  3:26  Gateway  
  35  3:32  Probe (Chrono Boost)  
  37  3:37  Probe (Chrono Boost)  
  37  3:38  Blink (Chrono Boost)  
  37  3:41  Probe (Chrono Boost)  
  38  3:45  Probe (Chrono Boost)  
  38  3:46  Probe (Chrono Boost)  
  40  3:56  Probe  
  40  3:58  Probe  
  40  3:59  Gateway  
  42  4:08  Probe  
  43  4:12  Probe  
  43  4:15  Pylon  
  44  4:20  Probe  
  46  4:24  Probe  
  46  4:26  Stalker x2  
  50  4:31  Assimilator  
  50  4:33  Probe  
  50  4:36  Gateway  
  51  4:39  Probe, Pylon  
  51  4:45  Probe  
  53  4:51  Probe  
  53  4:52  Stalker x2  
  58  4:56  Stalker  
  60  5:00  Pylon  
  60  5:18  Stalker x2  
  60  5:19  Stalker  
  66  5:23  Nexus  
  66  5:43  Probe x2  
  66  5:45  Stalker x4  
  66  5:49  Pylon  
  76  5:51  Pylon  
  76  6:07  Probe  
  67  6:12  Stalker x4  
  67  6:17  Probe  
  72  6:19  Probe  
  66  6:29  Probe  
  66  6:31  Probe (Chrono Boost)  
  59  6:36  Stalker x2  
  63  6:43  Shield Battery  
  63  6:47  Probe x3 (Chrono Boost)  
  66  6:51  Stalker x2  
  66  6:52  Probe (Chrono Boost)  
  68  6:55  Probe (Chrono Boost)  
  68  6:58  Probe  
  70  7:06  Probe  
  69  7:11  Stalker x2  
  69  7:12  Probe x2  
  73  7:18  Probe  
  74  7:29  Stalker x2  
  76  7:30  Probe  
  76  7:31  Probe  
  76  7:35  Charge (Chrono Boost)  
  77  7:39  Stalker x2  
  77  7:42  Probe  
  79  7:45  Oracle  
  82  7:59  Stalker x2  
  82  8:00  Probe x3  
  85  8:11  Stalker x2  
  85  8:12  Probe x2  
  91  8:18  Gateway  
  89  8:20  Gateway  
  83  8:32  Stalker x2  
  85  8:39  Stalker x2  
  89  8:46  Pylon  
  89  8:48  Gateway  
  87  8:49  Gateway  
  85  8:57  Stalker x2  
  89  9:03  Stalker x2  
  89  9:04  Gateway  
  89  9:06  Gateway  
  89  9:28  Stalker x5  
  91  9:43  Nexus  
  91  9:45  Pylon  
  91  9:48  Gateway  
  91  9:53  Stalker x5  
  98  10:11  Zealot x4  
  104  10:16  Robotics Facility  
  102  10:24  Zealot x5  
Tags
 
Add a new tag
Caveats
  • Supply blocks, unpowered buildings, or Contaminate may cause inaccurate times.
  • Supply counts are checked every 10 seconds.